 Dungeon Crawl Stone Soup version 0.23-a0-702-gd214142 (webtiles) character file.

99 zishaf the Gusty (level 4, -5/33 HPs)
             Began as a Barachi Air Elementalist on Jan 13, 2019.
             Killed by nerve-wracking pain
             ... invoked by an orc priest
              (14 damage)
             ... on level 3 of the Dungeon.
             The game lasted 00:03:53 (2477 turns).

zishaf the Gusty (Barachi Air Elementalist)         Turns: 2477, Time: 00:03:54

Health: -5/33      AC:  2    Str:  9    XL:     4   Next: 72%
Magic:  11/17      EV: 13    Int: 19    God:
Gold:   71         SH:  0    Dex: 13    Spells: 1/8 levels left

rFire    . . .     SeeInvis .   e - -2 mace (curse)
rCold    . . .     Gourm    .   (no shield)
rNeg     . . .     Faith    .   a - +0 robe
rPois    .         Spirit   .   (no helmet)
rElec    .         Reflect  .   (no cloak)
rCorr    .         Harm     .   (no gloves)
MR       .....                  (no boots)
Stlth    ++........             (no amulet)
HPRegen  0.11/turn              k - ring of magical power
MPRegen  0.15/turn              o - +3 ring of intelligence

@: slow
A: +LOS, swims, slowness 1, strong legs 1
a: Hop


You were on level 3 of the Dungeon.
You were not hungry.

You visited 1 branch of the dungeon, and saw 3 of its levels.

You collected 71 gold pieces.

Inventory:

Hand Weapons
 e - a cursed -2 mace (weapon)
 n - a +0 hunting sling
Missiles
 h - 76 stones (quivered)
Armour
 a - a +0 robe (worn)
Jewellery
 k - a ring of magical power (left hand)
 o - a +3 ring of intelligence (right hand)
 q - an uncursed ring of flight
Scrolls
 b - 2 scrolls of remove curse {unknown}
 d - 3 scrolls of amnesia {unknown}
 i - 3 scrolls of fear {unknown}
 j - 3 scrolls of enchant weapon {unknown}
 l - 2 scrolls of teleportation {unknown}
 m - a scroll of noise {unknown}
 p - a scroll of immolation {unknown}
Potions
 g - a potion of flight
 r - 2 potions of might
 s - a potion of invisibility {unknown}
Comestibles
 c - 6 rations
 f - 4 chunks of flesh


   Skills:
 + Level 2.1 Fighting
 + Level 3.0 Dodging
 - Level 1.7 Stealth
 + Level 2.9 Spellcasting
 + Level 2.2 Conjurations
 + Level 0.0 Charms
 + Level 3.8 Air Magic


You had one spell level left.
You knew the following spells:

 Your Spells              Type           Power        Failure   Level  Hunger
a - Shock                 Conj/Air       ##..         4%          1    None
b - Swiftness             Chrm/Air       ##......     11%         2    ##.....
c - Airstrike             Air            ###.......   30%         4    ####...

Your spell library contained the following spells:

 Spells                   Type           Power        Failure   Level  Hunger
 Static Discharge         Conj/Air       ##......     13%         3    ###....
 Lightning Bolt           Conj/Air       ##........   77%         5    ######.


Dungeon Overview and Level Annotations

Branches:
Dungeon (3/15)

Altars:
Cheibriados
Nemelex Xobeh


Innate Abilities, Weirdness & Mutations

Shadows flee at your approach. (+LOS)
You can swim through water.
You cover ground slowly.
You can hop short distances.


Message History

Press: ? - help, Shift-Dir - straight line, f/p - orc priest
Aim: an orc priest, wielding a +0 mace and wearing a +0 scale mail (severely wounded)
The zap hits the orc priest.
The orc priest is severely wounded.
The zap hits the orc priest.
The orc priest appears unharmed.
The orc priest invokes the aid of Beogh against you.
Beogh smites you!
* * * LOW HITPOINT WARNING * * *
You hear a bark!
Casting: Shock (safe; 4% risk of failure)
Confirm with . or Enter, or press ? or * to list all spells.
Aiming: Shock (safe; 4% risk of failure)
Press: ? - help, Shift-Dir - straight line, f/p - orc priest
Aim: an orc priest, wielding a +0 mace and wearing a +0 scale mail (severely wounded)
The zap misses the orc priest.
The zap hits the orc priest.
The orc priest appears unharmed.
The zap misses the jackal.
A jackal comes into view.
The orc priest invokes the aid of Beogh against you.
Pain shoots through your body!
You die...

######################
.)ho..o..@......[....##
h.h#################..####
#.....# #.....# #.....#
#.....# #.....# ###.....#
..........


You could see 2 orc priests and 2 jackals.

Vanquished Creatures
  3 gnolls (D:3)
  An adder (D:2)
  4 oozes
  2 worms (D:2)
  A dart slug (D:3)
  An orc (D:3)
  5 goblins
  4 hobgoblins
  3 quokkas
  A ball python (D:3)
  5 bats
  3 frilled lizards
  3 kobolds
  2 rats (D:3)
38 creatures vanquished.

Vanquished Creatures (others)
  7 toadstools (D:1)
7 creatures vanquished.

Grand Total: 45 creatures vanquished

Notes
Turn   | Place    | Note
-------+----------+-------------------------------------------
     0 | D:1      | zishaf the Barachi Air Elementalist began the quest for the
                  | Orb.
     0 | D:1      | Reached XP level 1. HP: 13/13 MP: 3/3
   654 | D:1      | Reached XP level 2. HP: 19/20 MP: 0/5
  1228 | D:2      | Reached skill level 1 in Fighting
  1339 | D:2      | Found a sparkling altar of Nemelex Xobeh.
  1366 | D:2      | Reached XP level 3. HP: 26/26 MP: 6/6
  2166 | D:3      | Reached XP level 4. HP: 32/32 MP: 8/8
  2353 | D:3      | Found a snail-covered altar of Cheibriados.
  2358 | D:3      | Learned a level 2 spell: Swiftness
  2363 | D:3      | Learned a level 4 spell: Airstrike
  2477 | D:3      | Killed from afar by an orc priest

Vault maps used:
D:1:      nagdon_arrival_double_spiral
D:2:      nemelex_xobeh_ov_fountains_minmay
D:3:      nicolae_overflow_crystal_walls, first_ration, uniq_crazy_yiuf_cottage

Skill      XL: |  1  2  3  4 |
---------------+-------------+-----
Fighting       | 1 2 |  2.1
Conjurations   | 2 |  2.2
Dodging        | 3 |  3.0
Stealth        | |  1.7
Spellcasting   | |  2.9
Air Magic      | |  3.8

Action                   |  1- 3 |  4- 6 || total
-------------------------+-------+-------++-------
Melee: Mace              |     8 |       ||     8
Throw: Stone             |     2 |       ||     2
 Cast: Shock             |    73 |    35 ||   108
  Use: Scroll            |     3 |       ||     3
  Eat: Chunk             |     5 |     1 ||     6
Armor: Robe              |     6 |       ||     6
Dodge: Dodged            |    19 |     1 ||    20

Table legend:
 A = Non-vault XP
 B = Vault XP
 C = Vault XP percentage of total XP
 D = Non-vault monster count
 E = Vault monster count
 F = Vault count percentage of total count
                 A         B        C        D         E       F
            +---------+---------+-------+---------+---------+-------
      Total |     142 |       0 |   0.0 |      38 |       0 |   0.0
            +---------+---------+-------+---------+---------+-------
        D:1 |      22 |       0 |   0.0 |      10 |       0 |   0.0
        D:2 |      57 |       0 |   0.0 |      17 |       0 |   0.0
        D:3 |      63 |       0 |   0.0 |      11 |       0 |   0.0
            +---------+---------+-------+---------+---------+-------
